 Dungeon Crawl Stone Soup version 0.22.1-1-ga44c0e5 (webtiles) character file.

42 Jamjie98 the Firebug (level 3, 0/26 HPs)
             Began as a Draconian Fire Elementalist on Oct 1, 2018.
             Succumbed to a killer bee's poison
             ... on level 2 of the Dungeon.
             The game lasted 00:08:19 (1007 turns).

Jamjie98 the Firebug (Draconian Fire Elementalist)  Turns: 1007, Time: 00:08:20

Health: 0/26       AC:  5    Str: 10    XL:     3   Next: 35%
Magic:  0/7        EV: 12    Int: 16    God:
Gold:   66         SH:  0    Dex: 11    Spells: 1/7 levels left

rFire    . . .     SeeInvis .   k - +1 dagger (elec)
rCold    . . .     Gourm    .   (no shield)
rNeg     . . .     Faith    .   (armour unavailable)
rPois    .         Spirit   .   (helmet restricted)
rElec    .         Reflect  .   (no cloak)
rCorr    .         Harm     .   (no gloves)
MR       .....                  (no boots)
Stlth    ++........             (no amulet)
HPRegen  0.08/turn              (no ring)
MPRegen  0.10/turn              (no ring)

@: lethally poisoned (0 -> -19), hasted, very quick
A: unfitting armour, cold-blooded, AC +5
a: no special abilities


You were on level 2 of the Dungeon.
You were not hungry.

You visited 1 branch of the dungeon, and saw 2 of its levels.

You collected 66 gold pieces.

Inventory:

Hand Weapons
 e - a +0 short sword
 h - a +0 whip
 k - a +1 dagger of electrocution (weapon)
 l - a +0 dagger
Missiles
 c - 18 bolts
 f - 14 arrows
Scrolls
 a - 2 scrolls of enchant armour {unknown}
 g - 2 scrolls of remove curse {unknown}
 i - a scroll of identify {unknown}
Potions
 m - a potion of might {unknown}
Comestibles
 b - 2 rations
 d - 6 chunks of flesh


   Skills:
 + Level 0.1 Short Blades
 + Level 2.1 Dodging
 + Level 1.8 Stealth
 + Level 2.6 Spellcasting
 + Level 1.4 Conjurations
 + Level 3.4 Fire Magic


You had one spell level left.
You knew the following spells:

 Your Spells              Type           Power        Failure   Level  Hunger
a - Flame Tongue          Conj/Fire      #....        7%          1    #......
b - Conjure Flame         Conj/Fire      #.......     22%         3    ###....
c - Throw Flame           Conj/Fire      #.....       11%         2    ##.....

Your spell library contained the following spells:

 Spells                   Type           Power        Failure   Level  Hunger
 Inner Flame              Hex/Fire       #.......     28%         3    ###....
 Sticky Flame             Conj/Fire      #.......     56%         4    #####..
 Fireball                 Conj/Fire      #.........   89%         5    ######.


Dungeon Overview and Level Annotations

Branches:
Dungeon (2/15)

Altars:


Innate Abilities, Weirdness & Mutations

Your plain brown scales are hard. (AC +5)
You cannot fit into any form of body armour.
You are cold-blooded and may be slowed by cold attacks.


Message History

Press: ? - help, v - describe, . - travel
Here: a killer bee The floor, spattered with blood.
You feel sick. The killer bee stings you!
* * * LOW HITPOINT WARNING * * *
You are more poisoned.
The killer bee poisons you!
* * * LOW HITPOINT WARNING * * *
You feel sick. The killer bee barely misses you.
Casting: Flame Tongue (safe; 7% risk of failure)
Confirm with . or Enter, or press ? or * to list all spells.
Aiming: Flame Tongue (safe; 7% risk of failure)
Press: ? - help, Shift-Dir - straight line, f/p - killer bee
Aim: a killer bee (heavily wounded)
The flame tongue misses the killer bee.
The flame tongue hits the killer bee.
The killer bee is severely wounded.
* * * LOW HITPOINT WARNING * * *
You feel sick. The killer bee misses you. The killer bee completely misses you.
It was a potion of haste.
You feel yourself speed up.
You die... .... ... wy#

. .# #y# .#. #g# #..
#y# #.. #y# ##.# #y#
.#####..# #@#
........### #.#
#####.....# #.#
........#.######.####
#######.#...........#
####......#.........#
..........##........#
####......##........#
#########........#


You could see 5 killer bees, a dart slug and a hobgoblin.

Vanquished Creatures
  An ooze (D:1)
  3 leopard geckos (D:1)
  A giant cockroach (D:1)
  4 hobgoblins
  4 jackals
  4 bats
  4 frilled lizards (D:1)
  6 goblins
  5 kobolds (D:1)
  A rat (D:1)
33 creatures vanquished.

Notes
Turn   | Place    | Note
-------+----------+-------------------------------------------
     0 | D:1      | Jamjie98 the Draconian Fire Elementalist began the quest
                  | for the Orb.
     0 | D:1      | Reached XP level 1. HP: 14/14 MP: 3/3
   284 | D:1      | Reached XP level 2. HP: 20/20 MP: 0/5
   686 | D:1      | Reached XP level 3. HP: 26/26 MP: 5/7
   701 | D:1      | Learned a level 3 spell: Conjure Flame
   704 | D:1      | Learned a level 2 spell: Throw Flame
   992 | D:2      | Noticed a killer bee
   992 | D:2      | Noticed a killer bee
   992 | D:2      | Noticed a killer bee
   996 | D:2      | Noticed a killer bee
   996 | D:2      | Noticed a killer bee
  1006 | D:2      | HP: 1/26 [poisoned by a killer bee]
  1007 | D:2      | Succumbed to a killer bee's poison

Skill      XL: |  1 |
---------------+----+-----
Dodging        | 2 |  2.1
Short Blades   | |  0.1
Stealth        | |  1.8
Spellcasting   | |  2.6
Conjurations   | |  1.4
Fire Magic     | |  3.4

Action                   || total
-------------------------++-------
Melee: Unarmed           ||    10
       Short sword       ||     1
       Dagger            ||    14
       Tailslap          ||     1
 Cast: Flame Tongue      ||    44
       Throw Flame       ||     4
  Use: Potion            ||     1
 Stab: Sleeping          ||     1
  Eat: Chunk             ||     1
Armor: Skin              ||    14
Dodge: Dodged            ||    28
